Map: Catalyst LE

Players

SALTKING - Winner!

  • Race: Zerg Zerg
  • League: Master
  • Spawn Location: 5:00

Leon

  • Race: Terran Terran
  • League: Diamond
  • Spawn Location: 11:00

VOD

Have the link to the VOD?

Description

Ling Queen to Hydra Ultra

Time

  • Played on: Aug. 2, 2018, 12:41 a.m.
  • Length: 10:47
Show
View Real Time Build Order
Export as new Build Order

SALTKING Zerg - Winner!

Build Orders: Hatch First 

Get SALT Encoding   

  12  0:00  Drone  
  13  0:13  Overlord  
  13  0:17  Drone  
  14  0:31  Drone x2  
  17  0:35  Drone  
  17  0:52  Hatchery  
  17  0:55  Drone  
  17  0:57  Drone  
  18  1:08  Extractor  
  17  1:12  Spawning Pool  
  17  1:16  Drone  
  17  1:19  Drone  
  18  1:29  Drone  
  19  1:39  Overlord  
  19  1:51  Drone  
  20  1:59  Queen  
  23  2:01  Zergling x2  
  23  2:03  Queen  
  23  2:04  Zergling x2  
  26  2:11  Metabolic Boost, Drone  
  27  2:16  Drone  
  27  2:22  Drone  
  29  2:25  Drone  
  30  2:33  Drone  
  31  2:39  Hatchery  
  31  2:40  Drone  
  31  2:47  Overlord  
  31  2:50  Drone  
  31  2:55  Drone  
  31  2:58  Drone  
  33  3:05  Drone  
  34  3:08  Queen  
  34  3:09  Overlord  
  34  3:12  Drone x2  
  38  3:13  Drone  
  38  3:15  Drone  
  38  3:18  Drone  
  38  3:19  Drone  
  42  3:21  Drone  
  43  3:28  Drone  
  43  3:30  Drone  
  45  3:39  Drone  
  45  3:40  Drone  
  47  3:44  Drone x3, Evolution Chamber  
  47  3:47  Evolution Chamber  
  47  3:48  Drone  
  49  3:53  Queen  
  49  3:54  Drone  
  49  3:55  Drone x2  
  54  4:01  Overlord  
  54  4:02  Queen  
  54  4:04  Drone  
  54  4:06  Overlord  
  57  4:10  Zerg Melee Weapons Level 1  
  57  4:16  Zerg Ground Armor Level 1  
  57  4:20  Drone x4  
  57  4:21  Overlord  
  61  4:24  Drone x2  
  61  4:26  Drone  
  61  4:27  Drone  
  61  4:29  Drone  
  66  4:32  Zergling x4  
  66  4:34  Zergling x2  
  66  4:38  Queen  
  69  4:39  Overlord  
  69  4:41  Overlord  
  71  4:50  Zergling x8  
  71  4:51  Zergling x8  
  79  4:53  Overlord  
  79  4:55  Overlord  
  79  4:56  Drone  
  79  4:57  Extractor  
  79  4:59  Extractor, Drone  
  79  5:02  Lair  
  79  5:03  Drone  
  79  5:04  Drone  
  81  5:10  Drone  
  81  5:12  Drone  
  83  5:14  Drone  
  83  5:16  Drone  
  83  5:18  Drone  
  83  5:19  Extractor, Drone  
  86  5:23  Drone x4  
  86  5:27  Drone x2  
  89  5:37  Drone x5  
  94  5:44  Extractor, Drone  
  94  5:48  Overlord x2, Extractor  
  93  5:52  Hatchery  
  93  5:54  Hatchery, Zergling x2  
  93  5:56  Zergling x2  
  93  5:57  Zergling x4  
  95  5:58  Zergling x2  
  95  6:00  Zergling x2  
  95  6:03  Hydralisk Den  
  96  6:05  Hatchery, Zergling x2  
  96  6:06  Zerg Melee Weapons Level 2  
  96  6:07  Baneling Nest  
  96  6:09  Zergling x2  
  97  6:11  Zergling x2  
  97  6:12  Zerg Ground Armor Level 2  
  97  6:13  Zergling x4  
  97  6:14  Zergling x2  
  97  6:16  Zergling x2  
  101  6:19  Zergling x2  
  101  6:21  Zergling x2  
  103  6:33  Zergling x2  
  103  6:34  Zergling x8  
  108  6:40  Infestation Pit, Zergling x4  
  108  6:42  Muscular Augments  
  108  6:43  Overlord  
  109  6:49  Hydralisk x2  
  109  6:51  Hydralisk  
  115  6:55  Hydralisk  
  115  6:56  Hydralisk x2  
  115  6:58  Drone  
  115  6:59  Drone x2  
  124  7:01  Drone  
  124  7:02  Overlord, Drone  
  124  7:04  Overlord  
  126  7:11  Hydralisk  
  126  7:14  Hydralisk x2  
  132  7:16  Hydralisk x2  
  132  7:19  Overlord  
  132  7:20  Overlord  
  132  7:21  Hydralisk  
  138  7:24  Hydralisk x3  
  138  7:25  Zergling x6  
  138  7:26  Zergling x2  
  148  7:34  Overlord x2, Hive  
  148  7:36  Zergling x8  
  152  7:38  Overlord, Zergling x2  
  152  7:41  Zergling x2  
  154  7:48  Zergling x6  
  154  7:49  Zergling x8  
  161  7:52  Zergling x6  
  161  7:53  Grooved Spines, Centrifical Hooks  
  161  7:54  Zergling x6  
  161  7:57  Zergling x4  
  161  7:58  Zergling x2  
  170  7:59  Zergling x2  
  170  8:00  Zergling x2  
  170  8:01  Zergling x2  
  170  8:02  Zergling x2  
  174  8:05  Zergling x2  
  174  8:06  Zergling x2  
  174  8:10  Drone x2  
  174  8:11  Drone x2  
  174  8:12  Drone x2  
  182  8:13  Drone  
  183  8:23  Extractor x2  
  181  8:54  Ultralisk Cavern  
  180  8:55  Baneling  
  180  8:56  Baneling x6  
  180  8:58  Zergling x2  
  180  8:59  Zergling x35  
  180  9:00  Zergling  
  199  9:28  Hatchery  
  198  9:35  Hatchery  
  197  9:41  Overlord  
  197  9:42  Overlord  
  158  10:04  Ultralisk x5  
  185  10:14  Zergling x2  
  185  10:15  Zergling x28  
  185  10:18  Zergling x2  
Show
View Real Time Build Order
Export as new Build Order

Leon Terran 

Build Orders: Reaper Expand, Bio Tank 

Get SALT Encoding   

  12  0:01  SCV  
  13  0:13  SCV  
  14  0:17  Supply Depot  
  14  0:25  SCV  
  15  0:39  SCV  
  15  0:42  Barracks  
  16  0:48  Refinery  
  16  0:51  SCV  
  17  1:03  SCV  
  18  1:15  SCV  
  19  1:28  Orbital Command  
  19  1:34  Reaper  
  20  1:43  Command Center  
  20  1:56  Barracks  
  20  2:03  SCV  
  21  2:10  Barracks Reactor  
  21  2:15  Supply Depot  
  21  2:18  SCV  
  22  2:23  Refinery  
  22  2:30  Factory  
  22  2:50  Barracks Tech Lab  
  22  2:52  Marine x2  
  22  2:56  SCV  
  26  3:00  Orbital Command  
  25  3:08  SCV  
  25  3:09  Marine  
  25  3:10  Marine x2  
  25  3:11  Stimpack  
  29  3:31  Marine  
  30  3:34  Starport  
  30  3:38  SCV x2  
  30  3:41  Factory Reactor  
  31  3:49  Marine x3  
  31  3:50  SCV  
  35  3:56  SCV  
  35  3:57  Supply Depot  
  36  4:06  SCV  
  36  4:07  Marine  
  36  4:09  Marine x2  
  40  4:22  Medivac x2  
  44  4:24  Marine  
  44  4:25  SCV x2  
  44  4:26  Factory Reactor  
  44  4:27  Marine x2  
  49  4:31  Supply Depot  
  49  4:37  SCV x2  
  51  4:42  Marine  
  51  4:45  Marine x2  
  54  4:53  SCV x2  
  56  5:00  Marine  
  56  5:02  Marine  
  56  5:03  Marine  
  56  5:05  SCV x2  
  61  5:10  Command Center  
  61  5:17  SCV, Starport Reactor  
  61  5:19  Barracks  
  62  5:22  Barracks  
  62  5:24  Marine x3  
  62  5:25  SCV  
  62  5:27  Factory Tech Lab  
  56  5:42  Marine x3  
  55  5:47  Siege Tank  
  61  5:53  SCV, Engineering Bay  
  61  5:55  Engineering Bay  
  62  5:57  Refinery  
  62  6:04  Combat Shields  
  62  6:16  Barracks  
  62  6:21  Marine x2  
  62  6:22  Siege Tank, SCV x2, Marauder, Starport Reactor, Terran Infantry Weapons Level 1  
  71  6:29  Orbital Command  
  71  6:33  Supply Depot  
  71  6:34  SCV x2  
  73  6:43  Marauder, Marine x2  
  77  6:54  SCV x2, Marine x4  
  77  6:56  Supply Depot  
  77  6:58  Orbital Command  
  77  7:00  Supply Depot  
  83  7:09  Supply Depot  
  83  7:12  Medivac  
  85  7:17  Siege Tank, Medivac, Marine  
  85  7:18  Marauder  
  85  7:20  Supply Depot  
  85  7:22  Marine x7  
  100  7:25  SCV  
  101  7:30  SCV x2  
  101  7:32  Supply Depot  
  103  7:38  SCV  
  103  7:42  SCV x2  
  106  7:44  Supply Depot  
  106  7:45  Medivac  
  106  7:47  Medivac  
  106  7:50  Siege Tank  
  113  7:57  SCV, Refinery  
  114  7:58  SCV  
  114  7:59  SCV  
  116  8:08  Command Center  
  116  8:09  SCV  
  116  8:11  SCV x2, Supply Depot x2  
  116  8:12  Supply Depot  
  119  8:13  Marine  
  119  8:14  Marine x6  
  119  8:16  Marauder  
  128  8:20  Terran Infantry Armor Level 1  
  128  8:22  Siege Tank  
  131  8:27  Marine  
  131  8:31  Marine  
  131  8:32  Marine x2  
  135  8:35  Supply Depot  
  135  8:37  Marauder  
  135  8:40  Viking x2  
  141  8:41  Marine  
  141  8:42  Marine x3  
  141  8:45  Marine  
  146  8:49  Marine  
  146  8:51  Refinery  
  146  8:53  Refinery  
  147  8:58  Marine  
  147  8:59  Marauder, Marine x3  
  147  9:00  Marine x2  
  155  9:04  Siege Tank  
  155  9:07  Marine x2  
  160  9:16  Marine x2  
  162  9:17  Marine  
  162  9:19  Armory  
  162  9:20  Marauder  
  165  9:25  Orbital Command  
  165  9:35  Viking  
  165  9:36  Viking  
  165  9:37  Siege Tank  
  165  9:38  Marine x5  
  173  9:39  Marine x3  
  180  9:55  Marauder  
  180  9:56  Marine x3  
  91  10:13  Marine x5  
  91  10:14  Siege Tank, Marine  
  88  10:16  Marauder, Medivac x2  
  84  10:28  SCV x3  
  84  10:29  SCV  
Tags
 
Add a new tag
Caveats
  • Supply blocks, unpowered buildings, or Contaminate may cause inaccurate times.
  • Supply counts are checked every 10 seconds.